Map: Cyber Forest LE

Players

Kidons - Winner!

  • Race: Terran Terran
  • League: Silver
  • Spawn Location: 11:00

sandboX

  • Race: Zerg Zerg
  • League: Gold
  • Spawn Location: 5:00

VOD

Have the link to the VOD?

Description

Time

  • Played on: Aug. 14, 2019, 10:45 p.m.
  • Length: 10:09
Show
View Real Time Build Order
Export as new Build Order

Kidons Terran - Winner!

Build Orders:  

Get SALT Encoding   

  12  0:12  Supply Depot  
  12  0:13  SCV  
  13  0:26  SCV  
  14  0:38  Barracks  
  14  0:39  SCV  
  15  0:51  SCV  
  16  1:02  Refinery  
  16  1:03  SCV  
  17  1:16  SCV  
  18  1:26  Marine  
  18  1:28  SCV  
  20  1:38  Supply Depot  
  20  1:40  SCV  
  20  1:44  Refinery, Marine  
  22  1:52  SCV  
  23  2:02  Marine  
  23  2:04  SCV  
  25  2:16  SCV  
  25  2:19  Marine, Supply Depot  
  27  2:29  Barracks  
  27  2:31  SCV  
  28  2:37  Marine  
  29  2:56  Barracks Reactor  
  29  3:08  Factory  
  29  3:16  Barracks Tech Lab  
  29  3:24  Supply Depot  
  29  3:34  Marine x2  
  29  3:37  Marauder  
  33  3:52  Marine x2  
  35  3:59  Marauder  
  37  4:20  Marauder  
  39  4:31  Marine x2  
  39  4:35  Factory Tech Lab  
  41  4:40  Engineering Bay  
  41  4:42  Marauder  
  41  4:43  Supply Depot  
  43  4:49  Marine x2  
  45  5:03  Marauder  
  45  5:04  Siege Tank  
  50  5:07  Supply Depot  
  50  5:19  SCV  
  51  5:24  Marauder  
  53  5:29  Supply Depot  
  53  5:36  Siege Tank  
  53  5:42  Command Center  
  56  5:46  Marauder  
  58  5:52  Supply Depot  
  58  6:09  Siege Tank  
  61  6:26  Marine x2  
  61  6:30  Marauder  
  65  6:41  Siege Tank  
  65  6:44  Marine x2  
  70  6:51  Marauder  
  71  7:02  Marine x2  
  73  7:13  Marauder  
  75  7:22  Marine x2  
  77  7:34  Marauder  
  79  7:40  Marine x2  
  81  7:55  Marauder  
  81  7:57  Marine  
  84  8:17  Marauder  
  86  8:38  Marauder  
  88  9:48  SCV  
Show
View Real Time Build Order
Export as new Build Order

sandboX Zerg 

Build Orders: Hatch First 

Get SALT Encoding   

  12  0:01  Drone  
  13  0:16  Overlord  
  13  0:21  Drone  
  14  0:34  Drone x2  
  16  0:38  Drone  
  17  0:59  Drone  
  17  1:01  Hatchery  
  17  1:06  Drone  
  17  1:09  Extractor  
  17  1:21  Spawning Pool  
  17  1:22  Drone  
  17  1:26  Drone  
  18  1:39  Drone  
  19  1:47  Overlord  
  19  2:14  Zergling x4  
  19  2:15  Zergling x2, Queen  
  22  2:16  Queen  
  22  2:19  Metabolic Boost  
  26  2:28  Drone x2  
  28  2:30  Drone  
  28  2:34  Drone  
  30  2:58  Hatchery  
  29  3:05  Drone x3  
  32  3:07  Drone  
  32  3:12  Overlord  
  33  3:18  Overlord  
  33  3:26  Queen  
  35  3:35  Queen  
  35  3:40  Spore Crawler  
  36  3:43  Spore Crawler  
  37  3:55  Drone x5  
  36  4:22  Spore Crawler  
  36  4:24  Spore Crawler  
  34  4:25  Spore Crawler  
  34  4:26  Spore Crawler  
  32  4:46  Drone x6  
  32  4:47  Drone x8  
  46  5:01  Queen  
  48  5:19  Drone x2  
  48  5:20  Overlord x2  
  48  5:21  Overlord x2  
  50  5:32  Spore Crawler  
  50  5:34  Spore Crawler  
  48  5:40  Spore Crawler  
  48  5:41  Spore Crawler  
  46  5:43  Spore Crawler  
  45  5:54  Drone x8  
  53  5:59  Drone  
  53  6:00  Drone x9  
  59  6:15  Spore Crawler x2  
  59  6:16  Spore Crawler x3  
  59  6:17  Spore Crawler  
  43  6:35  Spore Crawler  
  43  6:36  Spore Crawler  
  43  6:37  Spore Crawler  
  43  6:38  Spore Crawler  
  36  6:40  Spore Crawler  
  30  6:58  Spore Crawler  
  26  7:13  Spore Crawler  
  26  7:15  Spore Crawler  
  21  7:16  Spore Crawler x3  
  21  7:17  Spore Crawler x3  
  14  7:34  Spore Crawler  
  14  7:35  Spore Crawler  
  10  7:42  Spore Crawler  
  6  7:44  Spore Crawler  
  6  7:45  Spore Crawler  
  4  7:51  Spore Crawler  
Tags
 
Add a new tag
Caveats
  • Supply blocks, unpowered buildings, or Contaminate may cause inaccurate times.
  • Supply counts are checked every 10 seconds.